 Dungeon Crawl Stone Soup version 0.26-a0-739-gf55cbd344a (webtiles) character file.

Game seed: 4400822383812255471

97674 robertstho the Thaumaturge (level 16, -3/124 HPs)
             Began as a Gnoll Ice Elementalist on Nov 4, 2020.
             Was an Initiate of Gozag.
             Splashed by a goliath frog's acid (4 damage)
             ... on level 4 of the Swamp on Nov 5, 2020.
             The game lasted 01:31:51 (32357 turns).

robertstho the Thaumaturge (GnIE)                  Turns: 32357, Time: 01:31:54

Health: -3/124     AC: 22    Str: 21    XL:     16   Next: 20%
Magic:  3/31       EV: 23    Int: 24    God:    Gozag
Gold:   3800       SH:  0    Dex: 15    Spells: 2/38 levels left

rFire    x . .     SeeInvis +   b - +0 scimitar (flame)
rCold    + + +     Faith    .   (no shield)
rNeg     . . .     Spirit   .   P - quicksilver dragon scales
rPois    +         Reflect  .   M - +0 helmet {SInv}
rElec    +         Harm     .   Z - +1 cloak of Starlight {rElec rC+ EV+4 Stlth--}
rCorr    +         Rampage  .   q - +1 pair of gloves
MR       ++...                  Y - +1 pair of boots {run}
Stlth    +++.......             (no amulet)
HPRegen  0.30/turn              u - ring of Omu Uwuh {rPois rF- rCorr Str+3}
MPRegen  0.22/turn              R - ring of the Leaf {rC++ Str+6 Stlth+}

@: gold aura, berserk cooldown, very slightly contaminated, slowed, very slow
A: distributed training, fangs 1, strong nose
a: Potion Petition, Call Merchant, Bribe Branch, Renounce Religion


You were on level 4 of the Swamp.
You worshipped Gozag.
Gozag was most pleased with you.
You visited 5 branches of the dungeon, and saw 27 of its levels.

You collected 10864 gold pieces.
You spent 4390 gold pieces at shops.
You paid 2674 gold pieces to Gozag.

Inventory:

Hand Weapons
 b - a +0 scimitar of flaming (weapon)
 A - a +2 halberd
 O - the +4 morningstar "Woufous" {vorpal, Int+3 Dex+3}
   (You bought it in a shop on level 11 of the Dungeon)

   It inflicts extra damage upon your enemies.
   It affects your intelligence (+3).
   It affects your dexterity (+3).
 X - a +2 war axe of electrocution
Missiles
 k - 74 poisoned darts (quivered)
Armour
 j - a +1 robe of positive energy
 q - a +1 pair of gloves (worn)
 z - a +2 robe of fire resistance
 M - a +0 helmet of see invisible (worn)
 P - quicksilver dragon scales (worn)
 Y - a +1 pair of boots of running (worn)
 Z - the +1 cloak of Starlight (worn) {rElec rC+ EV+4 Stlth--}
   (You bought it in a shop on level 8 of the Dungeon)

   It affects your evasion (+4).
   It protects you from cold.
   It insulates you from electricity.
   It makes you much less stealthy.
Jewellery
 p - an uncursed ring of protection from fire
 u - the ring of Omu Uwuh (left hand) {rPois rF- rCorr Str+3}
   (You found it on level 4 of the Lair of Beasts)

   [ring of resist corrosion]

   It affects your strength (+3).
   It makes you vulnerable to fire.
   It protects you from poison.
   It provides partial protection from all sources of acid and corrosion.
 D - an uncursed ring of protection from fire
 I - an uncursed ring of protection from cold
 K - an uncursed ring of flight
 R - the ring of the Leaf (right hand) {rC++ Str+6 Stlth+}
   (You acquired it on level 13 of the Dungeon)

   [ring of strength]

   It affects your strength (+6).
   It greatly protects you from cold.
   It makes you more stealthy.
Wands
 G - a wand of digging (14)
 N - a wand of iceblast (25)
Scrolls
 a - 4 scrolls of identify
 c - 2 scrolls of summoning
 d - 16 scrolls of remove curse
 f - 3 scrolls of immolation
 h - 12 scrolls of teleportation
 l - 4 scrolls of fear
 t - 5 scrolls of magic mapping
 x - a scroll of fog
 C - a scroll of silence
 F - 4 scrolls of enchant armour
 J - 5 scrolls of enchant weapon
 L - a scroll of brand weapon
Potions
 e - 8 potions of brilliance
 g - 3 potions of heal wounds
 i - 12 potions of flight
 m - 9 potions of ambrosia
 n - 11 potions of curing
 o - a potion of berserk rage
 s - 2 potions of might
 B - a potion of resistance
 H - 3 potions of haste
 S - 2 potions of attraction
 W - a potion of invisibility
Miscellaneous
 y - a box of beasts (3/3)
 Q - a condenser vane (2/2)


   Skills:
 + Level 10.6 Fighting
 + Level 10.6 Short Blades
 + Level 10.6 Long Blades
 + Level 10.6 Axes
 + Level 10.6 Maces & Flails
 + Level 10.6 Polearms
 + Level 10.6 Staves
 + Level 10.6 Slings
 + Level 10.6 Bows
 + Level 10.6 Crossbows
 + Level 10.6 Throwing
 + Level 10.6 Armour
 + Level 11.5 Dodging
 + Level 11.3 Stealth
 + Level 10.6 Shields
 + Level 10.6 Unarmed Combat
 + Level 11.6 Spellcasting
 + Level 9.0 Conjurations
 + Level 9.0 Hexes
 + Level 9.0 Summonings
 + Level 9.0 Necromancy
 + Level 9.0 Translocations
 + Level 9.0 Transmutations
 + Level 9.0 Fire Magic
 + Level 11.3 Ice Magic
 + Level 9.0 Air Magic
 + Level 9.0 Earth Magic
 + Level 9.0 Poison Magic
 + Level 11.5 Invocations
 + Level 10.6 Evocations


You had 2 spell levels left.
You knew the following spells:

 Your Spells              Type           Power        Failure   Level
a - Freeze                Ice            ####         1%          1
b - Frozen Ramparts       Ice            ######       1%          3
c - Ozocubu's Armour      Ice            ######..     1%          3
d - Hailstorm             Conj/Ice       ######..     1%          4
e - Summon Ice Beast      Ice/Summ       ######..     1%          4
f - Ice Form              Ice/Tmut       ######..     1%          4
g - Fulminant Prism       Conj/Hex       ######....   1%          4
h - Teleport Other        Tloc           ######..     1%          3
i - Summon Lightning Spi  Summ/Air       ######..     1%          4
j - Freezing Cloud        Conj/Ice/Air   ######....   19%         6

Your spell library contained the following spells:

 Spells                   Type           Power        Failure   Level
 Beastly Appendage        Tmut           ######       1%          1
 Corona                   Hex            ######.      1%          1
 Magic Dart               Conj           ####         1%          1
 Sandblast                Erth           ######       1%          1
 Blink                    Tloc           N/A          1%          2
 Call Imp                 Summ           ######..     1%          2
 Ensorcelled Hibernation  Hex/Ice        ######       1%          2
 Poisonous Vapours        Pois/Air       ######       1%          2
 Searing Ray              Conj           ######       1%          2
 Slow                     Hex            ######..     1%          2
 Wereblood                Tmut           ######..     1%          2
 Confusing Touch          Hex            ######..     1%          3
 Conjure Flame            Conj/Fire      ######..     1%          3
 Dazzling Flash           Conj/Hex       ######       1%          3
 Gell's Gravitas          Tloc           ######....   1%          3
 Inner Flame              Hex/Fire       ######..     1%          3
 Lesser Beckoning         Tloc           ######....   1%          3
 Mephitic Cloud           Conj/Pois/Air  ######..     1%          3
 Portal Projectile        Hex/Tloc       ######       1%          3
 Spider Form              Tmut/Pois      ######....   1%          3
 Tukima's Dance           Hex            ######..     1%          3
 Cause Fear               Hex            ######....   1%          4
 Iskenderun's Mystic Bla  Conj/Tloc      ######..     1%          4
 Leda's Liquefaction      Hex/Erth       ######....   1%          4
 Passage of Golubria      Tloc           N/A          1%          4
 Petrify                  Tmut/Erth      ######..     1%          4
 Metabolic Englaciation   Hex/Ice        ######....   2%          5
 Blade Hands              Tmut           ######....   4%          5
 Silence                  Hex/Air        ######....   4%          5
 Ozocubu's Refrigeration  Ice            ######....   10%         6
 Simulacrum               Ice/Necr       ######....   16%         6
 Conjure Ball Lightning   Conj/Air       ######....   24%         6
 Tornado                  Air            ######....   100%        9


Dungeon Overview and Level Annotations

Branches:
Dungeon (14/15)            Temple (1/1) D:4            Lair (6/6) D:8
  Swamp (4/4) Lair:4        Snake (0/4) Lair:4        Slime (0/5) Lair:5
    Orc (2/2) D:10            Elf (0/3) Orc:2        Vaults (0/5) D:14

Altars:
Ashenzari
Cheibriados
Dithmenos
Elyvilon
Fedhas
Gozag
Hepliaklqana
Kikubaaqudgha
Makhleb
Nemelex Xobeh
Okawaru
Qazlal
Ru
Sif Muna
Trog
Uskayaw
Vehumet
Wu Jian
Xom
Yredelemnul
Zin
The Shining One
Beogh
Jiyva

Shops:
D:7 *[[!   D:8 [   D:10 :   D:11 (   D:14 :   Orc:2 ?**(   Lair:6 *

Annotations:
D:7 great shops
Swamp:1 exclusion: bloated husk
Swamp:3 exclusion: fenstrider witch
Swamp:4 Roxanne


Innate Abilities, Weirdness & Mutations

Your experience applies equally to all skills.
You have very sharp teeth.
Your uncanny sense of smell can sniff out nearby items.


Message History

A chill wind blows around you. The goliath frog barely misses you.
Your ice beast barely misses the bunyip.
The bunyip claws your ice beast!! x2
Your ice beast dies!
Your ice beast barely misses the bunyip.
The goliath frog hits you from afar!
* * * LOW HITPOINT WARNING * * *
You are splashed with acid.
You resist.
* * * LOW HITPOINT WARNING * * *
Your ice beast hits the bunyip.
Your ice beast freezes the bunyip!
Casting: Summon Ice Beast (mildly dangerous; 1% risk of failure)
Confirm with . or Enter, or press ? or * to list all spells.
Okay, then.
As you read the scroll of fear, it crumbles to dust.
You assume a fearsome visage.
The bunyip looks frightened!
The goliath frog easily resists.
The goliath frog hits you from afar!
* * * LOW HITPOINT WARNING * * *
You are splashed with acid.
You resist.
You die...
Your body crumbles into a pile of gold.

..♣ ♣≈♣♣ ♣♣≈≈.♣
≈♣.≈§§§ ...≈≈.§♣♣
....○♣♣§♣♣ ≈.
..≈≈≈≈§§≈♣ .≈
.≈≈≈≈≈≈≈≈x♣ ..
≈≈≈≈≈≈≈FY@♣ ..≈≈≈.
≈≈§≈≈§≈.♣♣ .<≈≈≈♣
≈.≈≈≈≈≈Y♣♣
..≈≈.♣♣♣♣♣♣≈≈§≈≈.♣
≈...≈≈..♣♣§≈≈≈≈≈.♣
≈≈....≈≈.♣.≈≈≈..≈♣
≈≈≈≈.≈≈≈.≈.≈≈≈.♣♣♣
≈≈≈..≈≈≈≈≈≈≈≈≈≈♣
≈≈≈..≈≈≈≈≈≈.≈.♣♣


You could see a bunyip (fleeing), a goliath frog and 2 friendly ice beasts.

Vanquished Creatures
  Kirke (Lair:5)
  A fenstrider witch (Swamp:3)
  A bunyip (Swamp:1)
  2 shambling mangroves
  7 hydras
  A boulder beetle (D:14)
  A centaur warrior (D:14)
  4 alligators
  8 two-headed ogres
  Erica (D:8)
  An ogre mage (D:14)
  4 death yaks
  A skeletal warrior (D:14)
  2 unseen horrors
  Pikel (D:6)
  A bog body (Swamp:1)
  2 orc knights
  A swamp dragon (shapeshifter) (D:14)
  A deep elf mage (D:12)
  5 ugly things (D:14)
  5 elephants
  A cyclops (D:13)
  A will-o-the-wisp (Swamp:4)
  5 orc sorcerers
  6 black mambas
  A gargoyle (D:14)
  Maggie (D:8)
  22 cane toads
  A freezing wraith (D:14)
  2 rime drakes (Lair:4)
  6 komodo dragons
  A tengu conjurer (D:14)
  5 trolls
  A tyrant leech (Lair:6)
  3 hornets
  3 slime creatures (D:12)
  13 blink frogs
  A meliai zombie (D:12)
  4 dream sheep (Lair:6)
  Sigmund (D:3)
  A wraith (D:12)
  A vampire (D:11)
  A basilisk (Lair:1)
  7 wyverns
  Grum (D:9)
  4 hogs (Lair:5)
  28 yaks
  10 vampire mosquitoes
  6 swamp worms
  A naga (Lair:4)
  Edmund (D:6)
  10 water moccasins
  2 soldier ants
  2 swamp drakes
  2 acid dragons
  26 orc warriors
  3 eyes of draining (D:6)
  5 ice beasts
  A hornet zombie (D:9)
  7 sky beasts
  A black bear (D:13)
  3 phantoms
  15 ogres
  A boggart (D:14)
  2 lemures (D:6)
  2 wolves (D:9)
  9 centaurs
  6 big kobolds
  Blork the orc (D:6)
  31 bullfrogs
  2 wyvern skeletons
  5 scorpions
  A water moccasin skeleton (D:4)
  29 killer bees
  5 wights
  An electric eel (Lair:4)
  2 howler monkeys
  2 bullfrog zombies
  A quasit (D:6)
  23 orc priests
  A centaur zombie (D:11)
  2 hounds
  4 jellies
  27 orc wizards
  3 bullfrog skeletons
  7 centaur skeletons
  4 iguanas
  4 hell rats (Lair:3)
  9 worker ants
  A killer bee zombie (D:8)
  A nameless horror (Lair:4)
  A hound skeleton (D:6)
  2 hound zombies
  A howler monkey zombie (D:11)
  7 gnolls
  A howler monkey skeleton (D:11)
  8 adders
  3 shadow imps
  5 white imps
  3 ufetubi
  An ooze (D:3)
  An adder skeleton (D:6)
  A worm (D:6)
  A dart slug (D:1)
  4 leopard geckos
  80 orcs
  A ball python (D:3)
  7 bats
  7 giant cockroaches
  9 goblins
  10 hobgoblins
  12 jackals
  2 quokkas (D:2)
  9 frilled lizards
  A jackal zombie (D:6)
  29 kobolds
  2 leopard gecko skeletons
  A leopard gecko zombie (D:3)
  A quokka zombie (D:5)
  10 rats
673 creatures vanquished.

Vanquished Creatures (collateral kills)
  Bai Suzhen (Swamp:4)
  A fenstrider witch (Swamp:3)
  5 bunyips
  6 hydras
  4 alligators
  A tengu warrior (D:14)
  3 death yaks (Lair:4)
  2 goliath frogs
  Urug (Orc:1)
  An orc high priest (Orc:2)
  8 spriggans
  A spriggan druid (Swamp:2)
  5 bog bodies
  3 swamp dragons
  An orc knight (D:14)
  An oklob plant (Lair:3)
  An orc sorcerer (Orc:2)
  4 ugly things (D:14)
  3 elephants
  A will-o-the-wisp (Swamp:2)
  A manticore (D:12)
  A gargoyle (D:14)
  A cane toad (Lair:6)
  A queen bee (Lair:2)
  A troll (D:14)
  7 hornets
  8 tyrant leeches
  3 slime creatures (D:12)
  4 blink frogs
  A dream sheep (Lair:6)
  4 yaks (Lair:3)
  A wyvern (Lair:5)
  3 vampire mosquitoes
  A basilisk (Lair:3)
  3 hogs (Lair:5)
  A warg (Orc:2)
  8 swamp worms
  4 orc warriors
  5 water moccasins
  A black bear (D:9)
  2 ice beasts
  2 wolves (D:9)
  2 lemures (D:6)
  A big kobold (D:14)
  2 bullfrogs
  A scorpion (D:14)
  4 killer bees (Lair:2)
  A wight (D:11)
  An electric eel (Lair:6)
  3 orc priests (Orc:2)
  5 orc wizards
  A worker ant (D:9)
  A worker ant zombie (D:6)
  An adder (D:9)
  A white imp (D:9)
  8 orcs
148 creatures vanquished.

Vanquished Creatures (others)
  A bloated husk (Swamp:1)
  An ogre (D:8)
  An orc wizard (Orc:2)
  A leopard gecko (D:8)
  A bush (Lair:6)
  2 foxfires (Swamp:2)
  14 fulminant prisms
  22 fungi
  110 plants
153 creatures vanquished.

Grand Total: 974 creatures vanquished

Notes
Turn   | Place    | Note
-------+----------+-------------------------------------------
     0 | D:1      | robertstho the Gnoll Ice Elementalist began the quest for
                  | the Orb.
     0 | D:1      | Reached XP level 1. HP: 13/13 MP: 6/6
   109 | D:1      | Reached XP level 2. HP: 15/19 MP: 3/7
   936 | D:1      | Reached XP level 3. HP: 20/25 MP: 7/9
  1035 | D:1      | Reached skill level 5 in Spellcasting
  1371 | D:1      | Reached skill level 1 in Invocations
  1480 | D:2      | Reached skill level 1 in Fighting
  1480 | D:2      | Reached skill level 1 in Short Blades
  1480 | D:2      | Reached skill level 1 in Long Blades
  1480 | D:2      | Reached skill level 1 in Axes
  1480 | D:2      | Reached skill level 1 in Maces & Flails
  1480 | D:2      | Reached skill level 1 in Polearms
  1480 | D:2      | Reached skill level 1 in Staves
  1480 | D:2      | Reached skill level 1 in Slings
  1480 | D:2      | Reached skill level 1 in Bows
  1480 | D:2      | Reached skill level 1 in Crossbows
  1480 | D:2      | Reached skill level 1 in Throwing
  1480 | D:2      | Reached skill level 1 in Armour
  1480 | D:2      | Reached skill level 1 in Shields
  1480 | D:2      | Reached skill level 1 in Unarmed Combat
  1480 | D:2      | Reached skill level 1 in Evocations
  1540 | D:2      | Reached XP level 4. HP: 32/32 MP: 11/11
  2230 | D:3      | Reached skill level 1 in Conjurations
  2230 | D:3      | Reached skill level 1 in Hexes
  2230 | D:3      | Reached skill level 1 in Summonings
  2230 | D:3      | Reached skill level 1 in Necromancy
  2230 | D:3      | Reached skill level 1 in Translocations
  2230 | D:3      | Reached skill level 1 in Transmutations
  2230 | D:3      | Reached skill level 1 in Fire Magic
  2230 | D:3      | Reached skill level 1 in Air Magic
  2230 | D:3      | Reached skill level 1 in Earth Magic
  2230 | D:3      | Reached skill level 1 in Poison Magic
  2422 | D:3      | Noticed Sigmund
  2436 | D:3      | Found an iron altar of Okawaru.
  2515 | D:3      | Learned a level 3 spell: Frozen Ramparts
  2519 | D:3      | Learned a level 3 spell: Ozocubu's Armour
  2524 | D:3      | Learned a level 4 spell: Hailstorm
  2558 | D:3      | Killed Sigmund
  2558 | D:3      | Reached XP level 5. HP: 38/38 MP: 9/12
  2558 | D:3      | Reached XP level 6. HP: 44/44 MP: 10/14
  2703 | D:3      | Found a snail-covered altar of Cheibriados.
  2959 | D:4      | Reached skill level 5 in Dodging
  3220 | D:4      | Found a broken altar of Ashenzari.
  3615 | D:4      | Found a glowing golden altar of the Shining One.
  3914 | D:4      | Found a staircase to the Ecumenical Temple.
  3920 | D:4      | Reached XP level 7. HP: 50/50 MP: 11/15
  3998 | Temple   | Entered the Ecumenical Temple
  4120 | Temple   | Became a worshipper of Gozag Ym Sagoz the Greedy
  4359 | D:5      | Entered Level 5 of the Dungeon
  4798 | D:4      | Learned a level 4 spell: Summon Ice Beast
  4805 | D:5      | Found a sparkling altar of Nemelex Xobeh.
  4891 | D:5      | Reached skill level 5 in Stealth
  4955 | D:5      | Found a shimmering altar of Xom.
  4962 | D:5      | Found a shimmering altar of Xom.
  5359 | D:5      | Reached XP level 8. HP: 29/57 MP: 16/16
  6291 | D:6      | Found a bloodstained altar of Trog.
  6423 | D:6      | Noticed Edmund
  6426 | D:6      | Noticed Blork the orc
  6433 | D:6      | Reached XP level 9. HP: 52/65 MP: 15/18
  6435 | D:6      | Killed Blork the orc
  6437 | D:6      | Killed Edmund
  6673 | D:6      | Noticed Pikel
  6687 | D:6      | Killed Pikel
  6687 | D:6      | Reached skill level 5 in Invocations
  7101 | D:6      | Reached XP level 10. HP: 50/73 MP: 15/20
  7467 | D:7      | Found Sytiynigi's Armour Shop.
  7469 | D:7      | Found Acuucaco's Distillery.
  7470 | D:7      | Found Muzuwnuwk's Antique Armour Shop.
  7470 | D:7      | Found Soddayt's General Store.
  7476 | D:7      | Reached skill level 5 in Fighting
  7476 | D:7      | Reached skill level 5 in Short Blades
  7476 | D:7      | Reached skill level 5 in Long Blades
  7476 | D:7      | Reached skill level 5 in Axes
  7476 | D:7      | Reached skill level 5 in Maces & Flails
  7476 | D:7      | Reached skill level 5 in Polearms
  7476 | D:7      | Reached skill level 5 in Staves
  7476 | D:7      | Reached skill level 5 in Slings
  7476 | D:7      | Reached skill level 5 in Bows
  7476 | D:7      | Reached skill level 5 in Crossbows
  7476 | D:7      | Reached skill level 5 in Throwing
  7476 | D:7      | Reached skill level 5 in Armour
  7476 | D:7      | Reached skill level 5 in Shields
  7476 | D:7      | Reached skill level 5 in Unarmed Combat
  7476 | D:7      | Reached skill level 5 in Evocations
  7526 | D:7      | Bought a potion of berserk rage for 50 gold pieces
  7526 | D:7      | Bought a potion of lignification for 30 gold pieces
  7526 | D:7      | Bought a potion of resistance for 100 gold pieces
  7526 | D:7      | Bought 2 potions of heal wounds for 100 gold pieces
  7526 | D:7      | Bought a potion of curing for 30 gold pieces
  7526 | D:7      | Bought a potion of ambrosia for 80 gold pieces
  7526 | D:7      | Bought a potion of heal wounds for 50 gold pieces
  7526 | D:7      | Bought a potion of heal wounds for 50 gold pieces
  7673 | D:7      | Bought a pair of glowing boots for 225 gold pieces
  7682 | D:7      | Bought a scroll of random uselessness for 11 gold pieces
  7682 | D:7      | Bought a scroll of amnesia for 38 gold pieces
  7682 | D:7      | Bought a scroll of enchant armour for 82 gold pieces
  8378 | D:7      | Bought a +0 helmet of see invisible for 138 gold pieces
  8396 | D:7      | Bought a potion of curing for 33 gold pieces
  8423 | D:8      | Noticed Maggie
  8433 | D:8      | Killed Maggie
  8556 | D:8      | Found a staircase to the Lair.
  8666 | D:8      | Noticed Erica
  8677 | D:8      | Killed Erica
  8892 | D:8      | Found a basalt altar of Yredelemnul.
  9065 | D:8      | Reached XP level 11. HP: 71/81 MP: 18/22
  9135 | D:8      | Found a radiant altar of Vehumet.
  9427 | D:9      | Noticed Grum
  9452 | D:9      | Killed Grum
  9452 | D:9      | Reached skill level 5 in Conjurations
  9452 | D:9      | Reached skill level 5 in Hexes
  9452 | D:9      | Reached skill level 5 in Summonings
  9452 | D:9      | Reached skill level 5 in Necromancy
  9452 | D:9      | Reached skill level 5 in Translocations
  9452 | D:9      | Reached skill level 5 in Transmutations
  9452 | D:9      | Reached skill level 5 in Fire Magic
  9452 | D:9      | Reached skill level 5 in Air Magic
  9452 | D:9      | Reached skill level 5 in Earth Magic
  9452 | D:9      | Reached skill level 5 in Poison Magic
  9840 | D:9      | Found a shadowy altar of Dithmenos.
  9964 | D:9      | Found a sacrificial altar of Ru.
 10274 | D:9      | Noticed a two-headed ogre
 10287 | D:9      | Killed a two-headed ogre
 10552 | D:10     | Entered Level 10 of the Dungeon
 10725 | D:10     | Found a roughly hewn altar of Beogh.
 10968 | D:10     | Noticed a two-headed ogre
 10976 | D:10     | Killed a two-headed ogre
 11172 | D:10     | Noticed an unseen horror
 11185 | D:10     | Killed an unseen horror
 11263 | D:10     | Found a staircase to the Orcish Mines.
 11345 | D:10     | Learned a level 4 spell: Ice Form
 11350 | D:10     | Learned a level 4 spell: Fulminant Prism
 11351 | D:10     | Identified a scroll of acquirement
 11352 | D:10     | Acquired 885 gold pieces
 11743 | D:11     | Found Xal Kext's Antique Weapon Shoppe.
 11815 | D:11     | Bought a smouldering morningstar for 261 gold pieces
 11815 | D:11     | Identified the +4 morningstar "Woufous" {vorpal, Int+3
                  | Dex+3} (You bought it in a shop on level 11 of the Dungeon)
 11821 | D:11     | Noticed a two-headed ogre
 11832 | D:11     | Killed a two-headed ogre
 12104 | D:11     | Found a glowing silver altar of Zin.
 12263 | D:11     | Noticed a two-headed ogre
 12283 | D:11     | Killed a two-headed ogre
 12283 | D:11     | Reached XP level 12. HP: 48/89 MP: 21/24
 13008 | D:12     | Found a sacrificial altar of Ru.
 13107 | D:12     | Noticed a two-headed ogre
 13121 | D:12     | Killed a two-headed ogre
 14814 | D:13     | Noticed a two-headed ogre
 14823 | D:13     | Killed a two-headed ogre
 15388 | D:14     | Noticed a boulder beetle
 15417 | D:14     | Killed a boulder beetle
 15501 | D:14     | Found Obucs's Book Emporium.
 15533 | D:14     | Got a coiled ruby amulet
 16159 | D:14     | Noticed an ogre mage
 16160 | D:14     | Noticed a two-headed ogre
 16168 | D:14     | Killed an ogre mage
 16168 | D:14     | Reached XP level 13. HP: 98/98 MP: 19/26
 16342 | D:14     | Found a gate to the Vaults.
 17332 | D:14     | Reached skill level 10 in Ice Magic
 17497 | D:13     | Identified the amulet "Kozocwof" {Inacc rF- MR++} (You
                  | found it on level 14 of the Dungeon)
 17500 | D:13     | Acquired the ring of the Leaf {rC++ Str+6 Stlth+}
 17507 | D:13     | Acquired a book of Spatial Translocations
 17512 | D:13     | Acquired a book of the Sky
 17518 | D:13     | Learned a level 3 spell: Teleport Other
 17523 | D:13     | Learned a level 4 spell: Summon Lightning Spire
 17624 | Lair:1   | Entered Level 1 of the Lair of Beasts
 18372 | D:8      | Bought a pair of embroidered boots for 157 gold pieces
 18372 | D:8      | Bought the +1 cloak of Starlight {rElec rC+ EV+4 Stlth--}
                  | for 934 gold pieces
 18372 | D:8      | Found the +1 cloak of Starlight {rElec rC+ EV+4 Stlth--}
 18372 | D:8      | Bought a pair of glowing boots for 157 gold pieces
 18386 | D:8      | Identified a +1 pair of boots of running (You bought it in
                  | a shop on level 8 of the Dungeon)
 19540 | Lair:2   | Reached skill level 10 in Spellcasting
 19630 | Lair:2   | You fall into a shaft and drop 2 floors!
 19794 | Lair:4   | Found a staircase to the Swamp.
 20119 | Lair:4   | Reached XP level 14. HP: 106/106 MP: 8/28
 20131 | Lair:4   | Reached skill level 10 in Dodging
 20400 | Lair:4   | Found a staircase to the Snake Pit.
 20712 | Lair:4   | Got a bound golden ring
 21219 | Lair:5   | Found a staircase to the Slime Pits.
 21220 | Lair:5   | Found a viscous altar of Jiyva.
 21298 | Lair:5   | Found a shimmering altar of Xom.
 21324 | Lair:5   | Reached skill level 10 in Stealth
 21673 | Lair:5   | Noticed Kirke
 21729 | Lair:5   | Killed Kirke
 21729 | Lair:5   | Reached skill level 10 in Invocations
 22319 | Lair:6   | Entered Level 6 of the Lair of Beasts
 23532 | Lair:6   | Reached XP level 15. HP: 93/115 MP: 13/29
 24023 | Lair:6   | Identified the ring of Omu Uwuh {rPois rF- rCorr Str+3}
                  | (You found it on level 4 of the Lair of Beasts)
 24031 | Lair:6   | Bought an engraved book for 420 gold pieces
 24031 | Lair:6   | Bought a scroll of identify for 56 gold pieces
 24031 | Lair:6   | Bought a scroll labeled HOONYUMOER for 28 gold pieces
 25616 | Orc:1    | Entered Level 1 of the Orcish Mines
 25748 | Orc:1    | Found a roughly hewn altar of Beogh.
 25938 | Orc:1    | Noticed Urug
 25958 | Orc:1    | Killed Urug
 26428 | Orc:2    | Entered Level 2 of the Orcish Mines
 26444 | Orc:2    | Reached skill level 10 in Fighting
 26444 | Orc:2    | Reached skill level 10 in Short Blades
 26444 | Orc:2    | Reached skill level 10 in Long Blades
 26444 | Orc:2    | Reached skill level 10 in Axes
 26444 | Orc:2    | Reached skill level 10 in Maces & Flails
 26444 | Orc:2    | Reached skill level 10 in Polearms
 26444 | Orc:2    | Reached skill level 10 in Staves
 26444 | Orc:2    | Reached skill level 10 in Slings
 26444 | Orc:2    | Reached skill level 10 in Bows
 26444 | Orc:2    | Reached skill level 10 in Crossbows
 26444 | Orc:2    | Reached skill level 10 in Throwing
 26444 | Orc:2    | Reached skill level 10 in Armour
 26444 | Orc:2    | Reached skill level 10 in Shields
 26444 | Orc:2    | Reached skill level 10 in Unarmed Combat
 26444 | Orc:2    | Reached skill level 10 in Evocations
 26499 | Orc:2    | Found a staircase to the Elven Halls.
 26526 | Orc:2    | Found a roughly hewn altar of Beogh.
 26943 | Orc:2    | Found Vasteexog's Assorted Antiques.
 27082 | Orc:2    | Found Jextais's Weapon Shoppe.
 27082 | Orc:2    | Found Geteq's Assorted Antiques.
 27085 | Orc:2    | Found Ninobeps's Magic Scroll Emporium.
 27088 | Orc:2    | Bought a scroll of identify for 36 gold pieces
 27088 | Orc:2    | Bought 3 scrolls labeled BIDOTI MIUSAFA for 54 gold pieces
 27088 | Orc:2    | Bought a scroll labeled ZESYLOM JUON for 18 gold pieces
 27121 | Orc:2    | Bought a scroll of identify for 42 gold pieces
 27121 | Orc:2    | Bought a scroll of identify for 42 gold pieces
 27121 | Orc:2    | Bought a scroll labeled BIDOTI MIUSAFA for 21 gold pieces
 27157 | Orc:2    | Bought a scroll of blinking for 112 gold pieces
 27157 | Orc:2    | Bought a scroll of acquirement for 780 gold pieces
 27157 | Orc:2    | Bought a scroll of identify for 30 gold pieces
 27158 | Orc:2    | Acquired 881 gold pieces
 27169 | Orc:2    | Upgraded the game from 0.26-a0-737-g4e9f4955e2 to
                  | 0.26-a0-739-gf55cbd344a
 27927 | Swamp:1  | Entered Level 1 of the Swamp
 29145 | Swamp:1  | Learned a level 6 spell: Freezing Cloud
 30554 | D:7      | Bought a pair of embroidered gloves for 225 gold pieces
 30778 | Swamp:3  | Noticed a fenstrider witch
 30788 | Swamp:3  | Killed a fenstrider witch
 30809 | Swamp:3  | Noticed a fenstrider witch
 30825 | Swamp:3  | Killed a fenstrider witch
 31370 | Swamp:3  | Reached XP level 16. HP: 123/123 MP: 19/31
 31805 | Swamp:4  | Entered Level 4 of the Swamp
 31813 | Swamp:4  | Noticed Roxanne
 32321 | Swamp:4  | Noticed Bai Suzhen
 32345 | Swamp:4  | Killed Bai Suzhen
 32357 | Swamp:4  | HP: 1/124 [goliath frog (16)]
 32357 | Swamp:4  | Splashed by a goliath frog's acid

Illustrated notes

Levels and vault maps discovered:
D:1:      sevenhm_arrival_forest_fort_large_4, layout_basic
D:2:      layout_loops_cross
D:3:      layout_rooms, lemuel_doored_altar, nicolae_overflow_crystal_walls,
          uniq_sigmund
D:4:      layout_basic, tso_metal_star, kennysheep_mini,
          minmay_temple_entry_wispy
D:5:      layout_rooms, xom_redecorated, basic_altar,
          corexii_item_surrounded_by_moat
D:6:      cheibrodos_barr_body, layout_rooms, minmay_tree_intersection,
          trog_eyes_of_draining, uniq_blork_the_orc, uniq_pikel, uniq_edmund
D:7:      layout_rooms, serial_curves, eino_curves_04, eino_curves_01,
          minmay_shop_grid_forest
D:8:      layout_basic, fiery_altar_vehumet, lair_entry_dummy, basic_altar,
          uniq_maggie, uniq_erica
D:9:      layout_big_octagon, hangedman_ru_absence,
          nicolae_dithmenos_through_a_glass_darkly, uniq_grum
D:10:     layout_basic, orc_0_dummy, special_room [special_room_orc]
D:11:     layout_roguey, basic_altar, serial_shops, nicolae_shop_waterfront
D:12:     layout_layer_cave, minmay_misc_feat_diagonals,
          david_defended_altar_elf
D:13:     layout_irregular_city
D:14:     layout_basic, hangedman_vaults_entry_quadrant_bands,
          hangedman_abyss_or_decor_lesser_grid, serial_shops,
          nicolae_shop_window_shopping, st_stairs_3, columned_hall_lemuel
Temple:   regret_index_temple_waves
Lair:1:   layout_loops_ring, wad_woods_road_06, lemuel_fruit_tree
Lair:2:   layout_layer_cave, special_room [special_room_bee]
Lair:3:   layout_misc_corridors
Lair:4:   layout_cave_shapes, minmay_swamp_entry_swarm,
          guppyfry_snake_entry_island, grunt_megastairs_4, lemuel_fruit_fields
Lair:5:   layout_regular_city, slime_altar_1, basic_altar, beast_lair_carwin_7,
          serial_bayou_shore_a, uniq_kirke
Lair:6:   minmay_lair_end_frog_pond, layout_loops_ring
Swamp:1:  layout_basic_swamp, serial_swamp_ruin, evilmike_swamp_ruin_house_1,
          evilmike_swamp_ruin_house_5
Swamp:2:  layout_basic_swamp, hangedman_swamp_cone
Swamp:3:  layout_basic_swamp, nicolae_swamp_dense_foliage
Swamp:4:  swamp_basic_johnstein, layout_basic_swamp, uniq_roxanne,
          uniq_bai_suzhen
Orc:1:    nicolae_orc_accident_2, layout_diamond_mine, serial_shops, uniq_urug
Orc:2:    st_orc_mages, layout_caves, basic_altar

Skill      XL: |  1  2  3  4  5  6  7  8  9 10 11 12 13 14 15 16 |
---------------+-------------------------------------------------+-----
Spellcasting   | 5 6 7 8 9 10 11 | 11.6
Invocations    | 1 2 3 4 5 6 7 8 9 10 11 | 11.5
Fighting       | 1 2 3 4 5 6 7 8 9 10 | 10.6
Short Blades   | 1 2 3 4 5 6 7 8 9 10 | 10.6
Long Blades    | 1 2 3 4 5 6 7 8 9 10 | 10.6
Axes           | 1 2 3 4 5 6 7 8 9 10 | 10.6
Maces & Flails | 1 2 3 4 5 6 7 8 9 10 | 10.6
Polearms       | 1 2 3 4 5 6 7 8 9 10 | 10.6
Staves         | 1 2 3 4 5 6 7 8 9 10 | 10.6
Slings         | 1 2 3 4 5 6 7 8 9 10 | 10.6
Bows           | 1 2 3 4 5 6 7 8 9 10 | 10.6
Crossbows      | 1 2 3 4 5 6 7 8 9 10 | 10.6
Throwing       | 1 2 3 4 5 6 7 8 9 10 | 10.6
Armour         | 1 2 3 4 5 6 7 8 9 10 | 10.6
Shields        | 1 2 3 4 5 6 7 8 9 10 | 10.6
Unarmed Combat | 1 2 3 4 5 6 7 8 9 10 | 10.6
Evocations     | 1 2 3 4 5 6 7 8 9 10 | 10.6
Conjurations   | 1 2 3 4 5 6 7 8 9 |  9.0
Hexes          | 1 2 3 4 5 6 7 8 9 |  9.0
Summonings     | 1 2 3 4 5 6 7 8 9 |  9.0
Necromancy     | 1 2 3 4 5 6 7 8 9 |  9.0
Translocations | 1 2 3 4 5 6 7 8 9 |  9.0
Transmutations | 1 2 3 4 5 6 7 8 9 |  9.0
Fire Magic     | 1 2 3 4 5 6 7 8 9 |  9.0
Air Magic      | 1 2 3 4 5 6 7 8 9 |  9.0
Earth Magic    | 1 2 3 4 5 6 7 8 9 |  9.0
Poison Magic   | 1 2 3 4 5 6 7 8 9 |  9.0
Dodging        | 5 6 7 8 9 10 11 | 11.5
Stealth        | 5 6 7 8 9 10 11 | 11.3
Ice Magic      | 8 9 10 11 | 11.3

Action                   |  1- 3 |  4- 6 |  7- 9 | 10-12 | 13-15 | 16-18 || total
-------------------------+-------+-------+-------+-------+-------+-------++-------
Melee: Unarmed           |     9 |       |       |       |     8 |       ||    17
       Dagger            |    84 |   126 |       |       |       |       ||   210
       Bite              |    12 |    11 |    20 |    38 |   111 |    14 ||   206
       Punch             |       |     4 |       |     4 |    45 |     6 ||    59
       Halberd           |       |       |   166 |   296 |       |       ||   462
       Morningstar       |       |       |       |   126 |    56 |       ||   182
       Scimitar          |       |       |       |       |   502 |    46 ||   548
       War axe           |       |       |       |       |    94 |       ||    94
 Cast: Freeze            |    28 |    23 |     1 |       |     2 |       ||    54
       Frozen Ramparts   |       |    10 |    29 |    74 |   125 |       ||   238
       Summon Ice Beast  |       |       |     5 |    55 |   138 |    13 ||   211
       Fulminant Prism   |       |       |       |     9 |     5 |       ||    14
       Hailstorm         |       |       |       |     1 |    11 |       ||    12
       Summon Lightning  |       |       |       |       |    51 |     8 ||    59
       Freezing Cloud    |       |       |       |       |     2 |     3 ||     5
       Teleport Other    |       |       |       |       |       |     1 ||     1
Invok: Call Merchant     |       |       |       |     1 |     2 |       ||     3
       Potion Petition   |       |       |       |       |       |     1 ||     1
Evoke: Wand              |       |       |       |     3 |     5 |     2 ||    10
       Condenser vane    |       |       |       |     1 |       |       ||     1
  Use: Potion            |       |       |     1 |     1 |     5 |     3 ||    10
       Scroll            |       |       |       |    13 |    17 |     2 ||    32
 Stab: Sleeping          |     9 |     9 |     7 |     6 |     6 |       ||    37
       Distracted        |       |       |     2 |     7 |    15 |     2 ||    26
Armor: Robe              |    17 |    16 |    17 |    13 |       |       ||    63
       Steam dragon scal |       |       |       |    31 |       |       ||    31
       Quicksilver drago |       |       |       |   119 |   208 |    30 ||   357
Dodge: Dodged            |    88 |   132 |   107 |   387 |   711 |    71 ||  1496
       Rpst.: Scimitar   |       |       |       |       |   156 |     6 ||   162

Table legend: (Time is in decaauts)
 A = Elapsed time spent in this place.
 B = Non-inter-level travel time spent in this place.
 C = Inter-level travel time spent in this place.
 D = Time resting spent in this place.
 E = Time spent auto-exploring this place.
 F = Levels seen in this place.
 G = Mean time per level.
                   A        B        C        D        E       F      G
               +--------+--------+--------+--------+--------+-----+--------+
         Total |  31974 |  30627 |   1347 |   2126 |  21688 |  27 | 1184.2 |
       Dungeon |  17875 |  17188 |    687 |    908 |  12586 |  14 | 1276.8 |
        Temple |    153 |    106 |     47 |      0 |    105 |   1 |  153.0 |
          Lair |   7766 |   7339 |    427 |     14 |   5594 |   6 | 1294.3 |
         Swamp |   4133 |   4021 |    112 |    947 |   2232 |   4 | 1033.2 |
  Orcish Mines |   2046 |   1974 |     72 |    257 |   1170 |   2 | 1023.0 |
               +--------+--------+--------+--------+--------+-----+--------+

Top non-repeatable levels by time:
    D:14: 2127 daAuts
    D:12: 1911 daAuts
  Lair:6: 1660 daAuts
     D:6: 1572 daAuts
  Lair:2: 1566 daAuts
 Swamp:2: 1503 daAuts
     D:5: 1439 daAuts
     D:1: 1437 daAuts
     D:4: 1413 daAuts
  Lair:4: 1412 daAuts
    D:11: 1373 daAuts
 Swamp:1: 1286 daAuts
  Lair:5: 1286 daAuts
     D:9: 1209 daAuts
     D:8: 1119 daAuts
